 Dungeon Crawl Stone Soup version 0.19-a0-1268-g6c5d9f8 (webtiles) character file.

67 kae the Cudgeler (level 4, -1/48 HPs)
             Began as an Ogre Fighter on Aug 29, 2016.
             Was an Initiate of the Shining One.
             Slain by George's ghost (8 damage)
             ... on level 3 of the Dungeon.
             The game lasted 00:02:19 (2075 turns).

kae the Cudgeler (Ogre Fighter)                     Turns: 2075, Time: 00:02:20

Health: -1/48      AC:  3    Str: 27    XL:     4   Next: 16%
Magic:  4/4        EV:  8    Int:  7    God:    the Shining One [......]
Gold:   141        SH:  9    Dex:  9    Spells: 0 memorised, 3 levels left

rFire  . . .     SeeInvis .     a - +0 flail
rCold  . . .     Gourm    .     b - +0 robe
rNeg   . . .     Faith    .     c - +0 shield
rPois  .         Spirit   .     (helmet restricted)
rElec  .         Dismiss  .     (no cloak)
rCorr  .         Reflect  .     (gloves unavailable)
MR     .....     Harm     .     (boots unavailable)
Stlth  +.........               (no amulet)
                                (no ring)
                                (no ring)

@: mighty, glowing
A: unfitting armour, tough skin 1
a: Renounce Religion


You were on level 3 of the Dungeon.
You worshipped the Shining One.
The Shining One was noncommittal.
You were not hungry.

You visited 1 branch of the dungeon, and saw 3 of its levels.

You collected 141 gold pieces.

Inventory:

Hand Weapons
 a - a +0 flail (weapon)
Armour
 b - a +0 robe (worn)
 c - a +0 shield (worn)
Jewellery
 q - a cursed -3 ring of dexterity {unknown}
Scrolls
 e - 5 scrolls of teleportation {unknown}
 h - a scroll of amnesia {unknown}
 i - a scroll of enchant armour {unknown}
 j - 2 scrolls of enchant weapon {unknown}
 k - a scroll of random uselessness {unknown}
 n - 2 scrolls of remove curse {unknown}
 o - a scroll of immolation {unknown}
 p - a scroll of noise {unknown}
Potions
 l - a potion of lignification {unknown}
 m - a potion of degeneration {unknown}
 r - a potion of flight {unknown}
 s - a potion of agility {unknown}
Comestibles
 f - 4 bread rations
 g - a beef jerky
 t - a chunk of flesh


   Skills:
 - Level 4.0 Fighting
 + Level 5.7 Maces & Flails
 - Level 2.6 Dodging
 - Level 2.6 Shields


You had 3 spell levels left.
You didn't know any spells.

Dungeon Overview and Level Annotations

Branches:
Dungeon (3/15)

Altars:
Cheibriados
Qazlal
The Shining One

Annotations:
D:3 George's ghost, novice DsMo


Innate Abilities, Weirdness & Mutations

You are too large for most types of armour.
You have tough skin. (AC +1)


Message History

You miss George's ghost.
George's ghost is heavily damaged.
You block George's ghost's attack.
You miss George's ghost.
George's ghost is heavily damaged.
You block George's ghost's attack.
You closely miss George's ghost.
George's ghost is heavily damaged.
George's ghost hits you.
* * * LOW HITPOINT WARNING * * *
You miss George's ghost.
George's ghost is heavily damaged.
You block George's ghost's attack.
You closely miss George's ghost.
George's ghost is heavily damaged.
You block George's ghost's attack.
You sock George's ghost!
George's ghost is severely damaged.
George's ghost hits you!
You die...

#....#..###_.'.8.'._
##........##.#...#.#
#.........####'####
#...##.##. #...#
#......# ##_##
#..##### ### ##.#
#.## #@$# ##W# #†.#
##.# .. ..# ... .#..
....#


You could see George's ghost.

Vanquished Creatures
  An adder (D:2)
  An ooze (D:3)
  A worm (D:3)
  A dart slug (D:1)
  2 giant geckos
  An orc (D:3)
  2 ball pythons
  8 bats
  5 goblins
  6 hobgoblins
  2 jackals (D:3)
  6 kobolds
  A quokka (D:2)
  2 giant newts
  7 rats
46 creatures vanquished.

Notes
Turn   | Place    | Note
-------+----------+-------------------------------------------
     0 | D:1      | kae the Ogre Fighter began the quest for the Orb.
     0 | D:1      | Reached XP level 1. HP: 24/24 MP: 1/1
   229 | D:1      | Reached skill level 3 in Maces & Flails
   383 | D:1      | Reached XP level 2. HP: 32/32 MP: 2/2
   663 | D:1      | Reached skill level 4 in Maces & Flails
  1040 | D:2      | Reached XP level 3. HP: 36/39 MP: 3/3
  1142 | D:2      | Reached skill level 5 in Maces & Flails
  1676 | D:3      | Reached XP level 4. HP: 30/48 MP: 4/4
  1848 | D:3      | Found a stormy altar of Qazlal.
  1851 | D:3      | Found a snail-covered altar of Cheibriados.
  1854 | D:3      | Found a glowing golden altar of the Shining One.
  1884 | D:3      | Became a worshipper of the Shining One
  2051 | D:3      | Noticed George's ghost (novice DsMo)
  2075 | D:3      | Slain by George's ghost

Vault maps used:
D:1:      dpeg_arrival_long_road, minmay_door_square
D:2:      first_bread
D:3:      grunt_temple_overflow_diamond, nicolae_dithmenos_shadow_blocks

Skill      XL: |  1  2  3 |
---------------+----------+-----
Maces & Flails | 3 4 5 |  5.7
Fighting       | |  4.0
Dodging        | |  2.6
Shields        | |  2.6

Action                   |  1- 3 |  4- 6 || total
-------------------------+-------+-------++-------
Melee: Flail             |   136 |    40 ||   176
  Use: Potion            |       |     1 ||     1
  Eat: Chunk             |     3 |     1 ||     4
Armor: Robe              |    54 |     5 ||    59
Dodge: Dodged            |    46 |     7 ||    53
Block: Shield            |    74 |    19 ||    93
